 Dungeon Crawl Stone Soup version 0.32-a0-814-g0968bab981 (webtiles) character file.

Game seed: 13949337027263477230

143 Raydon1206 the Ruffian (level 5, -1/44 HPs)
             Began as a Draconian Shapeshifter on Mar 22, 2024.
             Was an Initiate of Beogh.
             Slain by a naga warrior zombie (7 damage)
             ... on level 1 of the Abyss.
             The game lasted 00:04:48 (2384 turns).

Raydon1206 the Ruffian (Draconian Shapeshifter)     Turns: 2384, Time: 00:04:49

Health: -1/44      AC:  5    Str: 25    XL:     5   Next: 4%
Magic:  5/5        EV:  1    Int: 10    God:    Beogh [......]
Gold:   170        SH:  0    Dex: 10    Spells: 4/4 levels left

rFire   . .          .
                       - Unarmed
rCold   . . .        (no shield)
rNeg    . . .        (body armour unavailable)
rPois   .            (helmet currently unavailable)
rElec   .            (cloak currently unavailable)
rCorr   +            (gloves currently unavailable)
SInv    .            (boots currently unavailable)
Will    .....        (no amulet)
Stlth   +            d - ring of resist corrosion
HPRegen 0.27/turn    g - +6 ring of strength
MPRegen 0.09/turn

%: no passive effects
@: beast-form, constricted
A: beast (slay +2), AC +5, unfitting armour, cold-blooded
a: Begin Untransformation, Renounce Religion


You were on level 1 of the Abyss.
You worshipped Beogh.
Beogh was noncommittal.
You were a hulking beast.
You visited 1 branch of the dungeon, and saw 4 of its levels.
You visited the Abyss 1 time.

You collected 170 gold pieces.

Inventory:

Jewellery
 d - a ring of resist corrosion (left hand)
 g - a +6 ring of strength (right hand)
Talismans
 b - a beast talisman (active)
 c - a flux talisman
Scrolls
 e - 4 scrolls of identify
 i - 2 scrolls of fog
Potions
 a - 2 potions of lignification
 f - a potion of haste {unknown}
 h - 2 potions of curing {unknown}
 l - a potion of resistance {unknown}
 o - a potion of berserk rage {unknown}


   Skills:
 + Level 2.8 Fighting
 - Level 1.7 Dodging
 * Level 4.6 Unarmed Combat
 + Level 3.6 Shapeshifting


You had 4 spell levels left.
You didn't know any spells.
Your spell library contained the following spells:

 Spells                   Type           Power      Damage    Failure   Level
 Jinxbite                 Hex            0%         N/A       50%         2
 Yara's Violent Unravell  Hex/Alch       0%         3d3       100%        5
 Enfeeble                 Hex            0%         N/A       100%        7


Dungeon Overview and Level Annotations

Branches:
Dungeon (4/15)
 Temple: D:4-7

Altars:
Elyvilon
Kikubaaqudgha
Okawaru


Innate Abilities, Weirdness & Mutations

You are a hulking beast.
Your limbs bulge with bestial killing power. (Slay +2)
Your plain brown scales are hard. (AC +5)
You cannot fit into any form of body armour.
You are cold-blooded and may be slowed by cold attacks.


Message History

The white imp is almost dead.
The white imp hits you. The white imp freezes you.
You punch the white imp!
You kill the white imp!
Beogh accepts your kill.
You have reached level 5!
As you read the scroll labelled FEDIROOREA, it crumbles to dust.
It is a scroll of amnesia.
You feel forgetful for a moment.
As you read the scroll labelled NAFRACZUOZEUS, it crumbles to dust.
You feel strangely unstable.
You feel the power of the Abyss delaying your translocation!
It was a scroll of teleportation.
You are suddenly pulled into a different region of the Abyss!
You are suddenly pulled into a different region of the Abyss!
Found a gateway leading deeper into the Abyss.
The naga warrior zombie misses you.
You hit the naga warrior zombie.
The naga warrior zombie is lightly damaged.
You barely miss the naga warrior zombie.
The naga warrior zombie is lightly damaged.
The naga warrior zombie hits you but does no damage.
The naga warrior zombie grabs you. The naga warrior zombie constricts you.
You completely miss the naga warrior zombie.
The naga warrior zombie is lightly damaged.
The naga warrior zombie hits you! The naga warrior zombie constricts you!
You punch the naga warrior zombie! You tail-slap the naga warrior zombie.
The naga warrior zombie is moderately damaged.
You punch the naga warrior zombie! You tail-slap the naga warrior zombie.
Your punch misses the naga warrior zombie.
The naga warrior zombie is moderately damaged.
The naga warrior zombie hits you!
* * * LOW HITPOINT WARNING * * *
The naga warrior zombie constricts you.
* * * LOW HITPOINT WARNING * * *
You punch the naga warrior zombie! You punch the naga warrior zombie.
The naga warrior zombie is heavily damaged.
An anaconda skeleton comes into view.
The naga warrior zombie hits you!
You die...

.#. ..# #.##
# ### #...#
#.. ##.# #
#.. #.## #..
#.###.#
.§...##..#.#
#......h.#
.....##.Z###
#....Z .
#.#.......#
#§.##....#
#.# >#. .§#
... . .##Z.#
.. . . § #


You could see a naga warrior zombie and an anaconda skeleton.

Vanquished Creatures
  6 adders
  A white imp (Abyss:1)
  3 dart slugs
  A ribbon worm (D:3)
  6 orcs (D:3)
  6 endoplasms
  10 hobgoblins
  2 quokkas (D:2)
  3 ball pythons
  5 bats
  2 frilled lizards (D:1)
  8 goblins
  5 kobolds
  7 rats
65 creatures vanquished.

Notes
Turn   | Place    | Note
-------+----------+-------------------------------------------
     0 | D:1      | Raydon1206 the Draconian Shapeshifter began the quest for
                  | the Orb.
     0 | D:1      | Reached XP level 1. HP: 16/16 MP: 1/1
   269 | D:1      | Reached XP level 2. HP: 23/23 MP: 2/2
   620 | D:1      | You fall into a shaft and drop 1 floor!
   714 | D:2      | Reached XP level 3. HP: 29/29 MP: 3/3
  1342 | D:2      | Reached skill level 4 in Unarmed Combat
  1449 | D:3      | Found an iron altar of Okawaru.
  1458 | D:3      | Reached XP level 4. HP: 36/36 MP: 4/4
  1690 | D:3      | Became a worshipper of Beogh the Shepherd
  1814 | D:3      | Found a white marble altar of Elyvilon.
  1921 | D:3      | Found an ancient bone altar of Kikubaaqudgha.
  2242 | Abyss:1  | Cast into level 1 of the Abyss (orc)
  2296 | Abyss:1  | Reached XP level 5. HP: 37/44 MP: 5/5
  2384 | Abyss:1  | Noticed an anaconda skeleton
  2384 | Abyss:1  | Slain by a naga warrior zombie

Illustrated notes

Levels and vault maps discovered:
D:1:      minmay_arrival_arboretum_small, layout_basic
D:2:      layout_loops_corners, minmay_pentomino_q2
D:3:      layout_rooms, mainiacjoe_overflow_surrounded_room,
          kiku_gazebo_pond_becter, lemuel_tele_altar, serial_rivers,
          chequers_serial_rivers_small_a, chequers_serial_rivers_micro_d,
          chequers_serial_rivers_marsh, chequers_serial_rivers_micro_b,
          chequers_serial_rivers_micro_a, kennysheep_generic_room_12
D:4:      layout_cave_pools, portal_sewer_entry_e, uniq_grinder, uniq_sigmund
Abyss:1:  base:
D:2

Skill      XL: |  1  2  3 |
---------------+----------+-----
Fighting       | 2 |  2.8
Unarmed Combat | 4 |  4.6
Dodging        | |  1.7
Shapeshifting  | |  3.6

Action                     |  1- 3 |  4- 6 || total
---------------------------+-------+-------++-------
  Melee: Unarmed           |    91 |    75 ||   166
         Tailslap          |    12 |     7 ||    19
         Punch             |       |     2 ||     2
 Invoke: Convert to Beogh  |       |     1 ||     1
    Use: Scroll            |       |     6 ||     6
   Stab: Sleeping          |     1 |       ||     1
 Armour: Skin              |    34 |    36 ||    70
  Dodge: Dodged            |    51 |    37 ||    88

Table legend: (Time is in decaauts)
 A = Elapsed time spent in this place.
 B = Non-inter-level travel time spent in this place.
 C = Inter-level travel time spent in this place.
 D = Time resting spent in this place.
 E = Time spent auto-exploring this place.
 F = Levels seen in this place.
 G = Mean time per level.
                   A        B        C        D        E       F      G
               +--------+--------+--------+--------+--------+-----+--------+
         Total |   2376 |   2316 |     60 |     33 |   1814 |   5 |  475.2 |
       Dungeon |   2235 |   2175 |     60 |      0 |   1814 |   4 |  558.8 |
         Abyss |    140 |    140 |      0 |     33 |      0 |   1 |  140.0 |
               +--------+--------+--------+--------+--------+-----+--------+

Top non-repeatable levels by time:
     D:2: 825 daAuts
     D:3: 776 daAuts
     D:1: 616 daAuts
 Abyss:1: 140 daAuts
     D:4: 17 daAuts
